[Event "Titled Tuesday Blitz December 27 Early 2022"]
[White "Preotu, Razvan"]
[Black "Manukyan, Sargis A."]
[WhiteFideId "2613280"]
[BlackFideId "13303970"]
[WhiteElo "2475"]
[BlackElo "2158"]
[Result "1-0"]
[Round "04"]
[TimeControl "180+2"]
[Date "2022.12.27"]
[WhiteClock "0:00:21"]
[BlackClock "0:00:13"]

1. e4 e6 2. d4 d5 3. Nc3 Bb4 4. e5 c5 5. a3 Bxc3+ 6. bxc3 Ne7 7. h4 h6 8. Qg4 Nf5 9. h5 Qa5 10. Bd2 Qa4 11. Bd3 Kf8 12. Qf4 c4 13. Bxf5 exf5 14. Rc1 Nc6 15. Nf3 Be6 16. Nh4 Ne7 17. O-O Rc8 18. Qf3 Rc6 19. Qd1 Kg8 20. Rb1 Rb6 21. Rxb6 axb6 22. Qb1 b5 23. Qb4 Qxb4 24. axb4 Kh7 25. Ra1 Nc6 26. g3 g5 27. hxg6+ fxg6 28. Ng2 g5 29. f4 Kg6 30. Kf2 Rf8 31. Ne1 Rg8 32. Nf3 g4 33. Nh4+ Kg7 34. Be3 Re8 35. Ke2 Rd8 36. Kd2 Re8 37. Kc1 Rd8 38. Kb2 Re8 39. Ng2 Rd8 40. Nh4 Re8 41. Bd2 Rd8 42. Be1 Re8 43. Bf2 Rd8 44. Ng2 Re8 45. Ne3 Rd8 46. Kc1 Re8 47. Kd2 Kg6 48. Nf1 Rf8 49. Ke1 Re8 50. Nd2 Rd8 51. Nb1 Rc8 52. Kd2 h5 53. Kc1 h4 54. gxh4 Kh5 55. Bg3 Ne7 56. Ra7 Rc7 57. Na3 Bd7 58. Ra8 Ng6 59. Rg8 Be6 60. Re8 Re7 61. Rxe7 Nxe7 62. Nxb5 Ng6 63. Nc7 Bd7 64. e6 Bc6 65. b5 Kh6 66. bxc6 bxc6 67. Kb2 Kg7 68. Ka3 Kf6 69. Kb4 Ke7 70. h5 Nxf4 71. Bxf4 g3 72. Bxg3 Kf6 73. h6 f4 74. Bxf4 Kf5 75. e7 Ke4 76. e8=Q+ Kf3 77. h7 Kf2 78. h8=Q Kf3 79. Qh3+ Kxf4 80. Qee3# 1-0


[Site "https://www.chess.com"]

[Event "Titled Tuesday Blitz December 27 Early 2022"]
[White "Prieto Aranguren, Alain"]
[Black "Ronka, Erik"]
[WhiteFideId "2268906"]
[BlackFideId "505080"]
[WhiteElo "2258"]
[BlackElo "2276"]
[Result "0-1"]
[Round "04"]
[TimeControl "180+2"]
[Date "2022.12.27"]
[WhiteClock "0:00:05"]
[BlackClock "0:00:15"]

1. e4 c6 2. d4 d5 3. exd5 cxd5 4. Bd3 Nf6 5. c3 Bg4 6. Nf3 Nc6 7. O-O e6 8. Bg5 Be7 9. Nbd2 O-O 10. Re1 Bh5 11. Rc1 a6 12. Qe2 b5 13. Qf1 Nd7 14. Bxe7 Nxe7 15. Ne5 Nxe5 16. Rxe5 Bg6 17. Bxg6 Nxg6 18. Re2 a5 19. a3 b4 20. axb4 axb4 21. Nb3 bxc3 22. bxc3 Qg5 23. Re3 Nf4 24. Rg3 Qh6 25. Re1 Ra2 26. Nc5 Rfa8 27. h3 Ng6 28. Qb5 Qd2 29. Rf1 Nf8 30. Qb7 Ra1 31. Rxa1 Rxa1+ 32. Kh2 Qxf2 33. Rg4 Qg1+ 34. Kg3 Ra2 35. Kf4 Qf2+ 36. Ke5 Qf6+ 37. Kd6 Qd8+ 38. Kc6 h5 39. Rg3 Ra8 40. Na6 Rxa6+ 41. Qxa6 Qd7+ 42. Kb6 Qd6+ 43. Kb7 Qxg3 44. Qa8 Qxc3 45. Qe8 Qxd4 46. Kc8 Qc5+ 47. Kd8 Qd6+ 48. Kc8 d4 49. g4 hxg4 50. hxg4 d3 51. g5 d2 52. g6 fxg6 53. Qb5 d1=Q 54. Qb1 Qd7+ 55. Kb8 Qxb1+ 56. Ka8 Qdb7# 0-1


[Site "https://www.chess.com"]

[Event "Titled Tuesday Blitz December 27 Early 2022"]
[White "Rangel, Daniel"]
[Black "Barbashin, Igor"]
[WhiteFideId "2124475"]
[BlackFideId "4155718"]
[WhiteElo "2207"]
[BlackElo "2169"]
[Result "1/2-1/2"]
[Round "04"]
[TimeControl "180+2"]
[Date "2022.12.27"]
[WhiteClock "0:00:07"]
[BlackClock "0:00:51"]

1. d4 Nf6 2. c4 c5 3. d5 e6 4. Nc3 exd5 5. cxd5 d6 6. g3 g6 7. Bg2 Bg7 8. Nf3 O-O 9. O-O Re8 10. Nd2 a6 11. a4 Nbd7 12. Nc4 Ne5 13. Na3 Rb8 14. h3 Qc7 15. e4 c4 16. Kh2 Bd7 17. f4 Nd3 18. Nc2 b5 19. axb5 axb5 20. e5 dxe5 21. f5 Bxf5 22. Rxf5 gxf5 23. Ne3 Qd7 24. Qf1 f4 25. Ned1 fxg3+ 26. Kxg3 e4 27. Kh2 Qd6+ 28. Kh1 Nh5 29. Ne2 Qxd5 30. Ne3 Qe6 31. Nf5 Qg6 32. Be3 Bxb2 33. Ra7 Be5 34. Nh6+ Kh8 35. Nxf7+ Kg8 36. Nh6+ Kh8 37. Nf7+ Kg8 38. Nh6+ Kh8 39. Nf7+ 1/2-1/2


[Site "https://www.chess.com"]

[Event "Titled Tuesday Blitz December 27 Early 2022"]
[White "Rengifo Blancas, Renzo Jhonathan"]
[Black "Musovic, Armin"]
[WhiteFideId "3807185"]
[BlackFideId "939935"]
[WhiteElo "2131"]
[BlackElo "2261"]
[Result "1-0"]
[Round "04"]
[TimeControl "180+2"]
[Date "2022.12.27"]
[WhiteClock "0:00:46"]
[BlackClock "0:00:21"]

1. d4 d5 2. c4 c5 3. cxd5 Nf6 4. e4 Nxe4 5. Nc3 Qa5 6. dxc5 Nxc3 7. bxc3 Qxc3+ 8. Bd2 Qe5+ 9. Be2 Qxd5 10. Nf3 Nc6 11. O-O Bg4 12. h3 Bh5 13. Rb1 O-O-O 14. Qa4 e5 15. Ba5 Rd7 16. Rfd1 Qxc5 17. Rdc1 Qd6 18. Rxc6+ Qxc6 19. Qxc6+ bxc6 20. Ba6+ Rb7 21. Rxb7 e4 22. Ne5 Be2 23. Rc7+ Kd8 24. Nxc6+ Ke8 25. Bxe2 Bd6 26. Rc8+ Kd7 27. Rxh8 Kxc6 28. Rxh7 Bh2+ 1-0


[Site "https://www.chess.com"]

[Event "Titled Tuesday Blitz December 27 Early 2022"]
[White "Rodriguez Fontecha, Marcos"]
[Black "Sargissyan, Sargis"]
[WhiteFideId "2256576"]
[BlackFideId "13303210"]
[WhiteElo "2309"]
[BlackElo "2234"]
[Result "1-0"]
[Round "04"]
[TimeControl "180+2"]
[Date "2022.12.27"]
[WhiteClock "0:01:28"]
[BlackClock "0:00:01"]

1. d4 Nf6 2. Nf3 g6 3. Bf4 d5 4. Nc3 Bg7 5. Qd2 a6 6. Bh6 Bxh6 7. Qxh6 b5 8. Ne5 b4 9. Qg7 Rf8 10. Na4 Ng4 11. Qxh7 Nxe5 12. dxe5 Qd7 13. Nc5 Qc6 14. Nd3 a5 15. g3 Ba6 16. Bg2 Nd7 17. Qh4 Bxd3 18. cxd3 Nxe5 19. O-O Qd6 20. Rac1 f6 21. Qd4 Rd8 22. Qc5 a4 23. f4 Ng4 24. Qxc7 Ne3 25. Rf3 Nxg2 26. Kxg2 Kf7 27. Re3 Rfe8 28. Qb7 a3 29. b3 Rd7 30. Qb5 e6 31. Rc6 1-0


[Site "https://www.chess.com"]

[Event "Titled Tuesday Blitz December 27 Early 2022"]
[White "Rosenberg, Evan S"]
[Black "Magallanes, Rey Jomar"]
[WhiteFideId "2019299"]
[BlackFideId "5205948"]
[WhiteElo "1956"]
[BlackElo "2052"]
[Result "1-0"]
[Round "04"]
[TimeControl "180+2"]
[Date "2022.12.27"]
[WhiteClock "0:01:51"]
[BlackClock "0:01:57"]

1. d4 d5 2. Nf3 Nf6 3. c3 e6 4. Bf4 Bd6 5. e3 Bxf4 6. exf4 O-O 7. Nbd2 Nbd7 8. Bd3 c5 9. O-O Qc7 10. g3 b6 11. Rc1 Bb7 12. Re1 Rad8 13. Ne5 Nxe5 14. fxe5 Nd7 15. f4 f5 16. exf6 Rxf6 17. Nf3 Rdf8 18. Ng5 e5 19. dxe5 Rh6 20. Qg4 d4 21. Ne6 Qc6 22. Qxg7# 1-0


[Site "https://www.chess.com"]

[Event "Titled Tuesday Blitz December 27 Early 2022"]
[White "Sadovsky, Artem"]
[Black "Sankalan Shah"]
[WhiteFideId "4155840"]
[BlackFideId "25600362"]
[WhiteElo "2276"]
[BlackElo "2179"]
[Result "1-0"]
[Round "04"]
[TimeControl "180+2"]
[Date "2022.12.27"]
[WhiteClock "0:00:13"]
[BlackClock "0:00:14"]

1. Nf3 Nf6 2. e3 e6 3. c4 d5 4. b3 Be7 5. Bb2 O-O 6. Be2 c5 7. O-O Nc6 8. cxd5 exd5 9. d4 Bg4 10. dxc5 Bxc5 11. h3 Be6 12. Nc3 Ne4 13. Qc2 Nb4 14. Qd1 Rc8 15. a3 Nc6 16. b4 Be7 17. Nxe4 dxe4 18. Nd4 Nxd4 19. Bxd4 b6 20. Ba6 Rc7 21. Be5 Rd7 22. Qh5 Bf6 23. Rfd1 Bxe5 24. Rxd7 Qxd7 25. Qxe5 f5 26. Bb5 Qf7 27. Rd1 Rc8 28. Rd6 Bb3 29. Bd7 Rd8 30. Be6 1-0


[Site "https://www.chess.com"]

[Event "Titled Tuesday Blitz December 27 Early 2022"]
[White "Salimova, Nurgyul"]
[Black "Legenia, Artem"]
[WhiteFideId "2915138"]
[BlackFideId "14136945"]
[WhiteElo "2391"]
[BlackElo "2092"]
[Result "1-0"]
[Round "04"]
[TimeControl "180+2"]
[Date "2022.12.27"]
[WhiteClock "0:00:32"]
[BlackClock "0:00:38"]

1. Nf3 Nf6 2. c4 e6 3. g3 b6 4. Bg2 Bb7 5. O-O d6 6. d4 Be7 7. Nc3 Ne4 8. Nxe4 Bxe4 9. d5 e5 10. c5 Bxf3 11. cxd6 cxd6 12. Bxf3 O-O 13. Be3 Nd7 14. Rc1 Rc8 15. Qa4 a5 16. Rc6 Nc5 17. Qb5 Rb8 18. a3 a4 19. Rc1 Nb3 20. R1c2 Nc5 21. Bxc5 bxc5 22. Qxa4 f5 23. e3 Rb6 24. b4 Rxc6 25. dxc6 e4 26. Be2 Qb6 27. Bc4+ Kh8 28. b5 Rd8 29. Be6 d5 30. Qa6 Qxa6 31. bxa6 Bd6 32. c7 Bxc7 33. Rxc5 Bb6 34. Rb5 Ba7 35. Rb7 Bc5 36. a7 Bxa7 37. Rxa7 g6 38. Rd7 1-0


[Site "https://www.chess.com"]

[Event "Titled Tuesday Blitz December 27 Early 2022"]
[White "Samsonkin, Artiom"]
[Black "Strahov, Andrej"]
[WhiteFideId "13503111"]
[BlackFideId "4165489"]
[WhiteElo "2420"]
[BlackElo "2398"]
[Result "1-0"]
[Round "04"]
[TimeControl "180+2"]
[Date "2022.12.27"]
[WhiteClock "0:02:13"]
[BlackClock "0:01:35"]

1. d4 d5 2. Bf4 Nf6 3. e3 c5 4. Nf3 Nc6 5. c3 Qb6 6. Qc2 Bf5 7. dxc5 Bxc2 8. cxb6 axb6 9. Na3 e5 10. Nxc2 exf4 11. exf4 Bd6 12. g3 O-O 13. Bd3 Rfe8+ 14. Kf1 Ne4 15. Kg2 Nc5 16. Bb5 Red8 17. Rhd1 Be7 18. Ne3 Ra5 19. Bxc6 bxc6 20. b4 1-0


[Site "https://www.chess.com"]

[Event "Titled Tuesday Blitz December 27 Early 2022"]
[White "Samunenkov, Ihor"]
[Black "Baskakov, Egor"]
[WhiteFideId "14187086"]
[BlackFideId "24197866"]
[WhiteElo "2501"]
[BlackElo "2215"]
[Result "0-1"]
[Round "04"]
[TimeControl "180+2"]
[Date "2022.12.27"]
[WhiteClock "0:00:25"]
[BlackClock "0:01:43"]

1. e4 c5 2. Nf3 Nf6 3. e5 Nd5 4. Nc3 e6 5. Nxd5 exd5 6. d4 Nc6 7. dxc5 Bxc5 8. Qxd5 d6 9. exd6 Qb6 10. Bc4 Bxf2+ 11. Kf1 O-O 12. Qb5 Bg4 13. Qxb6 Bxb6 14. Bf4 Rfe8 15. h3 Bh5 16. c3 Re4 17. Bd5 Rxf4 18. Rd1 Rd8 19. Ke2 Rf6 20. g4 Bg6 21. h4 Rfxd6 22. c4 h5 0-1


[Site "https://www.chess.com"]

[Event "Titled Tuesday Blitz December 27 Early 2022"]
[White "Santos Flores, Alberto"]
[Black "De Souza, Cristiano Gomes"]
[WhiteFideId "3601234"]
[BlackFideId "2151758"]
[WhiteElo "2164"]
[BlackElo "2018"]
[Result "1-0"]
[Round "04"]
[TimeControl "180+2"]
[Date "2022.12.27"]
[WhiteClock "0:00:46"]
[BlackClock "0:00:09"]

1. d4 Nf6 2. Nf3 g6 3. c4 Bg7 4. Nc3 d6 5. e4 O-O 6. Be2 e5 7. O-O Nc6 8. d5 Ne7 9. b4 Nh5 10. Nd2 Nf4 11. Bf3 f5 12. c5 fxe4 13. Ndxe4 Nf5 14. cxd6 Nxd6 15. Nxd6 cxd6 16. Ne4 Bf5 17. Be3 b6 18. Rc1 h5 19. Rc6 Bxe4 20. Bxe4 Qf6 21. Qc2 g5 22. Rc7 g4 23. Rc1 Rf7 24. Rxf7 Qxf7 25. Qc7 Qf6 26. Rc2 Rf8 27. Qxa7 h4 28. Qxb6 g3 29. hxg3 hxg3 30. fxg3 Ne2+ 31. Kh2 Nd4 32. Rf2 Qe7 33. Rxf8+ Bxf8 34. a4 Qg7 35. a5 Ne2 36. Bf5 Qxg3+ 37. Kh1 Qe1+ 38. Kh2 Qh4+ 39. Bh3 Qg3+ 40. Kh1 Qe1+ 41. Kh2 e4 42. Bf2 Qd2 43. Qe3 Qxe3 44. Bxe3 Bg7 45. a6 Be5+ 46. g3 Bxg3+ 47. Kg2 Be5 48. a7 1-0


[Site "https://www.chess.com"]

[Event "Titled Tuesday Blitz December 27 Early 2022"]
[White "Shipov, Sergei"]
[Black "Graca, Robert"]
[WhiteFideId "4113624"]
[BlackFideId "644943"]
[WhiteElo "2541"]
[BlackElo "2270"]
[Result "1-0"]
[Round "04"]
[TimeControl "180+2"]
[Date "2022.12.27"]
[WhiteClock "0:01:43"]
[BlackClock "0:00:13"]

1. d4 Nf6 2. c4 a6 3. Nc3 c5 4. Nf3 e6 5. d5 exd5 6. cxd5 b5 7. e4 b4 8. Na4 d6 9. Bd3 g6 10. O-O Bg7 11. h3 O-O 12. Bf4 Re8 13. Re1 Bd7 14. Bxd6 Bxa4 15. Qxa4 Qxd6 16. e5 Qd7 17. Qb3 Nh5 18. Bc4 a5 19. Rad1 a4 20. Qd3 Nf4 21. Qe4 Qf5 22. e6 Qxe4 23. Rxe4 Nh5 24. exf7+ Kxf7 25. Ng5+ Kf8 26. Nxh7+ Kf7 27. d6+ 1-0


[Site "https://www.chess.com"]

[Event "Titled Tuesday Blitz December 27 Early 2022"]
[White "Shubenkova, Veronika"]
[Black "Ilkhomi, Jaloliddin"]
[WhiteFideId "44124040"]
[BlackFideId "14700948"]
[WhiteElo "1960"]
[BlackElo "1997"]
[Result "0-1"]
[Round "04"]
[TimeControl "180+2"]
[Date "2022.12.27"]
[WhiteClock "0:01:26"]
[BlackClock "0:01:51"]

1. e4 e6 2. d4 d5 3. exd5 exd5 4. Nf3 Bd6 5. Bd3 Ne7 6. O-O O-O 7. c3 Nbc6 8. Bg5 f6 9. Bh4 Bf5 10. Bg3 Qd7 11. Re1 Rae8 12. Qc2 Bxg3 13. hxg3 Bxd3 14. Qxd3 Nf5 15. Nbd2 Nd6 16. b4 a6 17. a4 Rxe1+ 18. Rxe1 Re8 19. Rxe8+ Qxe8 20. b5 axb5 21. axb5 Na5 22. Qb1 Qxb5 23. Qa2 b6 24. Kh2 Kf7 25. Kg1 Ndc4 26. Nf1 Qb2 27. Qa4 b5 28. Qb4 Qxb4 29. cxb4 Nc6 30. N1d2 Nxd2 31. Nxd2 Nxb4 32. Nb3 Ke7 33. Kf1 Kd6 34. Ke2 Na6 35. Kd2 g6 36. Kc3 c5 37. dxc5+ Nxc5 38. Nd4 Ne4+ 39. Kb4 Nxf2 40. Nxb5+ Ke5 41. Kc5 Ne4+ 42. Kc6 d4 0-1


[Site "https://www.chess.com"]

[Event "Titled Tuesday Blitz December 27 Early 2022"]
[White "Skvortsov, Andrei"]
[Black "Devaev, Alexander"]
[WhiteFideId "24108600"]
[BlackFideId "4169395"]
[WhiteElo "2313"]
[BlackElo "2325"]
[Result "1-0"]
[Round "04"]
[TimeControl "180+2"]
[Date "2022.12.27"]
[WhiteClock "0:00:16"]
[BlackClock "0:00:04"]

1. d4 Nf6 2. Nf3 e6 3. c4 Bb4+ 4. Nbd2 b6 5. a3 Bxd2+ 6. Bxd2 Bb7 7. e3 O-O 8. Bd3 d5 9. b3 Nbd7 10. O-O c5 11. cxd5 exd5 12. Rc1 Qe7 13. Bc3 cxd4 14. Bb4 Nc5 15. exd4 a5 16. Re1 Qd8 17. dxc5 axb4 18. axb4 Rc8 19. Nd4 bxc5 20. bxc5 Ne4 21. c6 Ba8 22. b4 Qb6 23. Bxe4 dxe4 24. b5 f5 25. Qb3+ Kh8 26. Ne6 Rf6 27. Qd5 h6 28. g3 Re8 29. Nf4 Rd8 30. Qe5 Kh7 31. Qc5 Qc7 32. Ng2 Rb8 33. Ne3 Qa5 34. Nd5 Re6 35. c7 Rc8 36. Nf4 Rf6 37. h4 e3 38. Rxe3 Qa4 39. Nd5 Rf7 40. b6 f4 41. gxf4 Rxf4 42. Rg3 Rg4 43. Ne3 Rxg3+ 44. fxg3 Qe4 45. Qc2 Kh8 46. Qxe4 Bxe4 47. Nc4 Ra8 48. Nd6 Bf5 49. b7 Ra2 50. c8=Q+ 1-0


[Site "https://www.chess.com"]

[Event "Titled Tuesday Blitz December 27 Early 2022"]
[White "Sovetbekova, Nurai"]
[Black "Erzhanov, Arman"]
[WhiteFideId "13801910"]
[BlackFideId "4138821"]
[WhiteElo "1764"]
[BlackElo "2228"]
[Result "0-1"]
[Round "04"]
[TimeControl "180+2"]
[Date "2022.12.27"]
[WhiteClock "0:00:01"]
[BlackClock "0:00:32"]

1. d4 d6 2. c4 e5 3. Nc3 exd4 4. Qxd4 Nc6 5. Qd1 Nf6 6. Nf3 Be6 7. b3 d5 8. cxd5 Nxd5 9. Nxd5 Bxd5 10. Bd2 Bb4 11. Bxb4 Nxb4 12. a3 Nc6 13. e3 O-O 14. Be2 Qd7 15. O-O Rad8 16. Qc2 Qe6 17. b4 Be4 18. Qc3 Qg4 19. Rad1 h5 20. h3 Qg6 21. Qc5 b6 22. Qg5 f6 23. Qxg6 Bxg6 24. Nh4 Bf7 25. Nf5 Kh7 26. Rc1 Be8 27. Bf3 Ne5 28. Rxc7 Nxf3+ 29. gxf3 Rf7 30. Rfc1 g6 31. Nd4 Kg8 32. Rxf7 Bxf7 33. Rc7 a5 34. bxa5 bxa5 35. Ra7 Rd5 36. Ra8+ Kg7 37. Ra7 Kf8 38. Nc6 Rg5+ 39. Kf1 Bd5 40. Nd4 h4 41. Ke2 Bc4+ 42. Kd2 Rg2 43. Rxa5 Rxf2+ 44. Kc3 Bf7 45. Ra8+ Kg7 46. Ra7 Rh2 47. Ne6+ Kg8 48. Ra8+ Kh7 49. Nf4 g5 50. Ra7 Kg8 51. Nd3 Rxh3 52. a4 Rxf3 53. Kd4 h3 54. Rb7 Rf1 55. Rb2 g4 56. Nf4 Rd1+ 57. Ke4 Bg6+ 58. Nxg6 g3 59. Nf4 h2 0-1


[Site "https://www.chess.com"]

[Event "Titled Tuesday Blitz December 27 Early 2022"]
[White "Steinberg, Nitzan"]
[Black "Potapova, Margarita"]
[WhiteFideId "2801795"]
[BlackFideId "14126869"]
[WhiteElo "2546"]
[BlackElo "2104"]
[Result "0-1"]
[Round "04"]
[TimeControl "180+2"]
[Date "2022.12.27"]
[WhiteClock "0:00:25"]
[BlackClock "0:00:58"]

1. Nf3 d5 2. d4 Nf6 3. Bf4 c5 4. e3 Nc6 5. c3 Qb6 6. Qb3 c4 7. Qc2 Bf5 8. Qc1 Qd8 9. h3 h6 10. Nbd2 e6 11. Be2 Bd6 12. Bxd6 Qxd6 13. O-O O-O 14. Nh4 Bh7 15. f4 Rfe8 16. Nhf3 Ne4 17. Nxe4 Bxe4 18. Nd2 Bh7 19. e4 b5 20. e5 Qe7 21. g4 Qh4 22. Kh2 b4 23. Nf3 Qe7 24. g5 Bf5 25. Rg1 h5 26. Nh4 g6 27. Nxf5 exf5 28. Qd1 Kg7 29. Bf3 Red8 30. Qe2 bxc3 31. bxc3 Rab8 32. Rgb1 Qa3 33. Qc2 Nxd4 34. cxd4 Qxf3 35. Rf1 Qe3 36. Rad1 Rb6 37. Qd2 Qa3 38. Rf2 Rdb8 39. Qe1 Rb2 40. Rdd2 c3 41. Rde2 Rb1 0-1


[Site "https://www.chess.com"]

[Event "Titled Tuesday Blitz December 27 Early 2022"]
[White "Suleymanli, Suleyman"]
[Black "Van Foreest, Jorden"]
[WhiteFideId "13416375"]
[BlackFideId "1039784"]
[WhiteElo "2269"]
[BlackElo "2689"]
[Result "0-1"]
[Round "04"]
[TimeControl "180+2"]
[Date "2022.12.27"]
[WhiteClock "0:00:05"]
[BlackClock "0:00:31"]

1. Nf3 d6 2. g3 Kd7 3. d4 g6 4. Bg2 Bg7 5. c4 Ke8 6. Nc3 Nd7 7. O-O e6 8. e4 Ne7 9. h4 h6 10. Be3 Nf6 11. e5 Ng4 12. exd6 cxd6 13. Qd2 Nxe3 14. fxe3 Bd7 15. e4 e5 16. dxe5 dxe5 17. Nd5 Nc6 18. Rad1 Bg4 19. b4 Bxf3 20. Bxf3 Nd4 21. Bg4 h5 22. Bh3 Kf8 23. Qf2 f6 24. Rxd4 exd4 25. Qxd4 Kg8 26. Rxf6 Bxf6 27. Nxf6+ Kf7 28. Nd5 Re8 29. e5 a5 30. b5 Rc8 31. Qf4+ Kg7 32. Bxc8 Qxc8 33. Qf6+ Kh6 34. Nf4 Qg4 35. Kg2 Qf5 36. Qxf5 gxf5 37. c5 Rxe5 38. c6 bxc6 39. bxc6 Rc5 40. Ne6 Rxc6 41. Nd4 Rc4 42. Nxf5+ Kh7 43. Ne3 Ra4 44. Kf3 Rxa2 45. g4 a4 46. gxh5 a3 47. Nc4 Rh2 48. Kg3 a2 49. Kxh2 a1=Q 50. Ne3 Qe5+ 0-1


[Site "https://www.chess.com"]

[Event "Titled Tuesday Blitz December 27 Early 2022"]
[White "Szyszylo, Rafal"]
[Black "Andreev, Eduard"]
[WhiteFideId "1109626"]
[BlackFideId "14103400"]
[WhiteElo "2091"]
[BlackElo "2413"]
[Result "0-1"]
[Round "04"]
[TimeControl "180+2"]
[Date "2022.12.27"]
[WhiteClock "0:00:01"]
[BlackClock "0:00:27"]

1. e4 c6 2. d4 d5 3. e5 c5 4. dxc5 e6 5. a3 Bxc5 6. b4 Be7 7. Qg4 g5 8. Qh5 Qc7 9. Nf3 Qxc2 10. Nbd2 Bd7 11. h4 Qg6 12. hxg5 Qc2 13. Be2 Nc6 14. Rh4 a6 15. Bd1 Qc3 16. Rb1 Nxe5 17. Nxe5 Qxe5+ 18. Kf1 Qxg5 19. Nf3 Qxh5 20. Rxh5 Nf6 21. Rh6 Ng4 22. Rh5 Nf6 23. Rh6 Ne4 24. Bb2 Rg8 25. Rxh7 Bd6 26. Be2 Bb5 27. Ne5 Bxe5 28. Bxb5+ axb5 29. Bxe5 Nd2+ 30. Ke2 Nxb1 31. Rh8 Rxh8 0-1


[Site "https://www.chess.com"]

[Event "Titled Tuesday Blitz December 27 Early 2022"]
[White "Tactrics"]
[Black "Grigorov, Grigor"]
[BlackFideId "2907313"]
[WhiteElo "2976"]
[BlackElo "2510"]
[Result "1/2-1/2"]
[Round "04"]
[TimeControl "180+2"]
[Date "2022.12.27"]
[WhiteClock "0:00:40"]
[BlackClock "0:00:10"]

1. e4 c6 2. Nc3 d5 3. Nf3 dxe4 4. Nxe4 Nf6 5. Qe2 Nxe4 6. Qxe4 Be6 7. Bc4 Bxc4 8. Qxc4 Qd5 9. Qe2 c5 10. b3 Nc6 11. Bb2 e6 12. O-O Be7 13. Bxg7 Rg8 14. Bb2 O-O-O 15. Rfe1 Qh5 16. g3 Qf5 17. d3 Rg4 18. Ne5 Nxe5 19. Qxe5 Qg6 20. Re4 Rxe4 21. Qxe4 Qxe4 22. dxe4 Rd2 23. Rc1 Re2 24. Kf1 Rxe4 25. Re1 Rxe1+ 26. Kxe1 Bd6 27. Ke2 f5 28. Kf3 e5 29. Kg2 Kd7 30. Kh3 Ke6 31. Kh4 e4 32. Kg5 Bf8 33. h3 a6 34. c4 Bd6 35. Kh6 e3 36. fxe3 Bxg3 37. Kxh7 Bf2 38. Bc1 Ke5 39. Kg6 Ke4 40. Kf6 Bh4+ 41. Ke6 Bg5 42. Bd2 Bh4 43. Kd6 Bf2 44. Ke6 Bh4 45. Bc1 Bg5 46. a4 a5 47. Bd2 b6 48. Bc1 Bh4 49. Bb2 Bg5 50. Bc1 Bh4 1/2-1/2


[Site "https://www.chess.com"]

[Event "Titled Tuesday Blitz December 27 Early 2022"]
[White "Tanenbaum, Zachary"]
[Black "Najdin, Danil"]
[WhiteFideId "2060850"]
[BlackFideId "4172426"]
[WhiteElo "2261"]
[BlackElo "2235"]
[Result "1-0"]
[Round "04"]
[TimeControl "180+2"]
[Date "2022.12.27"]
[WhiteClock "0:00:10"]
[BlackClock "0:00:02"]

1. e4 g6 2. d4 c6 3. Nc3 d5 4. Nf3 Bg7 5. e5 Nh6 6. Bd3 f6 7. exf6 exf6 8. Bf4 O-O 9. Qd2 Nf7 10. O-O-O Bg4 11. h3 Bxf3 12. gxf3 f5 13. h4 Bxd4 14. Bxf5 Be5 15. Be6 Qf6 16. Bxe5 Qxe5 17. Rde1 Qf6 18. h5 g5 19. h6 Kh8 20. Bxf7 Qxf7 21. Qxg5 Na6 22. Re7 Qg6 23. Qxg6 hxg6 24. Rxb7 Nc5 25. Rc7 Rf6 26. Nxd5 cxd5 27. Rxc5 Rxf3 28. Rxd5 Rxf2 29. Rc5 Re8 30. Rc7 g5 31. Rg1 g4 32. b4 Rg8 33. h7 Rg6 34. Rg3 a6 35. a4 Rf4 36. Rb7 Rf3 37. Rxf3 gxf3 38. Rf7 Rc6 39. Rxf3 Rc4 40. c3 Kxh7 41. Kc2 Kg6 42. Kb3 Rh4 43. b5 axb5 44. axb5 Rh1 45. c4 1-0


[Site "https://www.chess.com"]

[Event "Titled Tuesday Blitz December 27 Early 2022"]
[White "Tarasova, Viktoriya"]
[Black "Gritsenko, Nikolai"]
[WhiteFideId "4175840"]
[BlackFideId "14112493"]
[WhiteElo "2226"]
[BlackElo "2309"]
[Result "0-1"]
[Round "04"]
[TimeControl "180+2"]
[Date "2022.12.27"]
[WhiteClock "0:00:07"]
[BlackClock "0:00:09"]

1. d4 d5 2. c4 Nc6 3. cxd5 Qxd5 4. e3 e5 5. Nc3 Bb4 6. a3 Bxc3+ 7. bxc3 Qd6 8. Ne2 Nge7 9. a4 O-O 10. Ba3 Qf6 11. Ng3 Rd8 12. Be2 Nd5 13. Qc1 Nb6 14. Bc5 Be6 15. O-O Nd7 16. Ba3 Na5 17. Ne4 Qg6 18. Nd2 e4 19. f3 exf3 20. Bxf3 Nc4 21. Nxc4 Bxc4 22. Rf2 c6 23. Qb1 Nb6 24. Qxg6 hxg6 25. a5 Nd5 26. Bxd5 Bxd5 27. Rb1 Rd7 28. Rfb2 b5 29. axb6 axb6 30. Bb4 g5 31. Rc1 b5 32. Bc5 f6 33. Kf2 Kf7 34. g3 Ra4 35. Bb4 Rd8 36. Re1 Re8 37. Rbe2 Re4 38. Rd2 Kg6 39. Rde2 Ra8 40. Rd2 Rh8 41. Kg1 g4 42. Rf2 Kf7 43. Rfe2 g5 44. Rf2 Kg6 45. Rfe2 Re6 46. Rf2 Rhe8 47. Rfe2 f5 48. Kf2 Rh8 49. Kg1 Rhe8 50. Kf2 Bc4 51. Rd2 f4 52. gxf4 gxf4 53. e4 Rxe4 54. Rxe4 Rxe4 55. Rb2 Re3 56. Bd6 Rf3+ 57. Kg1 Kf5 58. Bb4 Rf1+ 59. Kg2 Rd1 60. Kf2 Bd5 61. Re2 Be4 62. Re1 Rd3 63. Re2 Rh3 64. Kg1 g3 65. hxg3 fxg3 66. Rxe4 Kxe4 67. Kg2 Rh2+ 68. Kxg3 Rb2 69. Kg4 Rxb4 70. cxb4 Kxd4 71. Kf4 Kc4 72. Ke3 Kxb4 0-1


[Site "https://www.chess.com"]

[Event "Titled Tuesday Blitz December 27 Early 2022"]
[White "Tarnowska, Aleksandra"]
[Black "Poeta, Caio Medeiros"]
[WhiteFideId "1180967"]
[BlackFideId "2142660"]
[WhiteElo "1835"]
[BlackElo "2088"]
[Result "0-1"]
[Round "04"]
[TimeControl "180+2"]
[Date "2022.12.27"]
[WhiteClock "0:00:01"]
[BlackClock "0:00:20"]

1. e4 c6 2. d4 d5 3. Nc3 dxe4 4. Nxe4 Bf5 5. Ng3 Bg6 6. h4 h6 7. h5 Bh7 8. Nf3 Nd7 9. Bd3 Bxd3 10. Qxd3 e6 11. Bf4 Qa5+ 12. Qd2 Bb4 13. c3 Be7 14. O-O Ngf6 15. Ne5 Nxe5 16. Bxe5 O-O 17. Qf4 Nd5 18. Qg4 Bf6 19. Rfe1 Qd8 20. Bxf6 Nxf6 21. Qf3 Qd5 22. Re3 a5 23. a3 Rfd8 24. Rae1 Qb3 25. R3e2 Rd5 26. Ne4 Nxe4 27. Rxe4 Qxb2 28. Rf4 Rf8 29. Rxe6 Qc1+ 30. Kh2 Qxf4+ 31. Qxf4 fxe6 32. Qe3 Rxh5+ 33. Kg1 Rf6 34. g3 Rhf5 35. f4 Rb5 36. Kg2 Rb3 37. Kh3 Rxa3 38. Qd3 Rb3 39. g4 a4 40. Kg3 a3 41. Qc4 a2 42. Qxb3 a1=Q 43. Qxb7 Qxc3+ 44. Kh4 Qe1+ 45. Kh3 Qf1+ 46. Kg3 Qxf4+ 47. Kh4 Qh2# 0-1


[Site "https://www.chess.com"]

[Event "Titled Tuesday Blitz December 27 Early 2022"]
[White "Tharushi, T H D Niklesha"]
[Black "Viskelis, Darius"]
[WhiteFideId "9918264"]
[BlackFideId "12800830"]
[WhiteElo "1570"]
[BlackElo "2166"]
[Result "1-0"]
[Round "04"]
[TimeControl "180+2"]
[Date "2022.12.27"]
[WhiteClock "0:00:58"]
[BlackClock "0:00:07"]

1. e4 c5 2. Nf3 g6 3. d4 cxd4 4. Nxd4 Bg7 5. Nc3 Nc6 6. Be3 Nf6 7. Qd2 O-O 8. f3 d5 9. O-O-O e5 10. Nxc6 bxc6 11. exd5 cxd5 12. Nxd5 Nxd5 13. Qxd5 Qxd5 14. Rxd5 Be6 15. Rc5 a5 16. Bc4 Bf5 17. g4 Bc8 18. Rd1 e4 19. Bd5 Rb8 20. c3 exf3 21. Bxf3 a4 22. Bf4 Rb6 23. g5 a3 24. b3 Bf5 25. h4 Re8 26. c4 Bc3 27. Rc6 Rxb3 28. axb3 a2 29. Ra6 a1=Q+ 30. Rxa1 Bxa1 31. Bc6 Rc8 32. Bd7 Rd8 33. Bxf5 Rxd1+ 34. Kxd1 gxf5 35. c5 Kf8 36. c6 Ke7 37. c7 Kd7 38. b4 Bd4 39. Kc2 Bb6 40. Kd3 Bxc7 41. Bxc7 Kxc7 42. Kd4 Kd6 43. b5 f4 44. Ke4 Kc5 45. Kxf4 Kxb5 46. Kf5 Kc6 47. Kf6 Kd5 48. Kxf7 Ke5 49. Kg7 Kf5 50. Kxh7 Kg4 51. g6 Kxh4 52. g7 Kh5 53. g8=Q Kh4 54. Kh6 Kh3 55. Kh5 Kh2 56. Kh4 Kh1 57. Qg4 Kh2 58. Qe2+ Kh1 59. Kh3 1-0


[Site "https://www.chess.com"]